 Dungeon Crawl Stone Soup version 0.20.2 (webtiles) character file.

74 Alfie the Shooter (level 4, -2/37 HPs)
             Began as a Minotaur Hunter on Apr 14, 2020.
             Slain by a sky beast (3 damage)
             ... on level 3 of the Dungeon.
             The game lasted 00:04:08 (1523 turns).

Alfie the Shooter (Minotaur Hunter)                 Turns: 1523, Time: 00:04:08

Health: -2/37      AC:  3    Str: 23    XL:     4   Next: 10%
Magic:  3/3        EV: 12    Int:  8    God:
Gold:   115        SH:  0    Dex: 10    Spells: 3/3 levels left

rFire    . . .     SeeInvis .   b - +0 short sword
rCold    . . .     Gourm    .   (no shield)
rNeg     . . .     Faith    .   c - +0 leather armour
rPois    .         Spirit   .   (helmet restricted)
rElec    .         Reflect  .   (no cloak)
rCorr    .         Harm     .   (no gloves)
MR       .....                  (no boots)
Stlth    +.........             (no amulet)
Regen    0.2/turn               l - +5 ring of strength
MPRegen  0.1/turn               (no ring)

@: no status effects
A: retaliatory headbutt, horns 2
a: no special abilities


You were on level 3 of the Dungeon.
You were not hungry.

You visited 1 branch of the dungeon, and saw 3 of its levels.

You collected 115 gold pieces.

Inventory:

Hand Weapons
 a - a +1 shortbow
 b - a +0 short sword (weapon)
Missiles
 d - 60 arrows
 p - 6 tomahawks (quivered)
Armour
 c - a +0 leather armour (worn)
Jewellery
 l - a +5 ring of strength (left hand)
Scrolls
 e - a scroll of remove curse
 g - 5 scrolls of teleportation
 m - 3 scrolls of identify
 o - a scroll of fear {unknown}
 s - a scroll of enchant weapon {unknown}
Potions
 h - 2 potions of brilliance {unknown}
 i - 2 potions of haste {unknown}
 j - a potion of degeneration {unknown}
 n - a potion of curing {unknown}
 r - 2 potions of resistance {unknown}
Comestibles
 f - 2 bread rations
 k - 2 meat rations
 q - a royal jelly


   Skills:
 + Level 2.8 Fighting
 + Level 5.7 Bows
 + Level 0.8 Armour
 + Level 2.5 Dodging
 + Level 1.2 Stealth


You had 3 spell levels left.
You didn't know any spells.

Dungeon Overview and Level Annotations

Branches:
Dungeon (3/15)

Altars:
Gozag


Innate Abilities, Weirdness & Mutations

You reflexively headbutt those who attack you in melee.
You have a pair of horns on your head.


Message History

Firing (i - inventory. (,) - cycle):
d - 60 arrows (quivered)
Press: ? - help, Shift-Dir - straight line, f - you Really target yourself? [Y]es or [N]o only, please.
Really target yourself?
Okay, then.
Wield which item (- for none, * to show all)? (? for menu, Esc to quit)
b - a +0 short sword (weapon)
Something hits you. Something shocks you.
You miss something. Your headbutt misses something. Something hits you.
Something shocks you.
You hit something. You headbutt something. Something hits you.
Something shocks you.
* * * LOW HITPOINT WARNING * * *
You barely miss something. Something hits you.
* * * LOW HITPOINT WARNING * * *
Something shocks you.
* * * LOW HITPOINT WARNING * * *
You hit something. Something hits you.
You die...

..........#
...>......+............
#.........#...........
#.........#.........(
..#.......#.........
..#.......#........
..#.......#.......
.............(...#
........#######{@#
..†........# #..#
...........####..#
..##.......##....#
#.##.............#
#.##......(......#
#................#
+................#
#................#


There were no monsters in sight!

Vanquished Creatures
  Terence (D:2)
  3 worms
  4 dart slugs
  A leopard gecko (D:2)
  5 goblins
  3 hobgoblins (D:2)
  3 kobolds
  7 bats
  2 frilled lizards
  5 rats (D:1)
34 creatures vanquished.

Notes
Turn   | Place    | Note
-------+----------+-------------------------------------------
     0 | D:1      | Alfie the Minotaur Hunter began the quest for the Orb.
     0 | D:1      | Reached XP level 1. HP: 18/18 MP: 0/0
   178 | D:1      | Reached XP level 2. HP: 25/25 MP: 1/1
   266 | D:1      | Reached skill level 5 in Bows
   838 | D:2      | Reached XP level 3. HP: 23/30 MP: 2/2
   905 | D:2      | Found an opulent altar of Gozag.
  1052 | D:2      | Reached skill level 1 in Stealth
  1314 | D:3      | Noticed Terence
  1325 | D:2      | Killed Terence
  1331 | D:3      | Reached XP level 4. HP: 32/37 MP: 3/3
  1511 | D:3      | Noticed a sky beast
  1522 | D:3      | HP: 1/37 [something (6)]
  1523 | D:3      | Slain by a sky beast

Skill      XL: |  1  2  3 |
---------------+----------+-----
Bows           | 5 |  5.7
Stealth        | 1 |  1.2
Fighting       | |  2.8
Armour         | |  0.8
Dodging        | |  2.5

Action                   |  1- 3 |  4- 6 || total
-------------------------+-------+-------++-------
Melee: Short sword       |    14 |     4 ||    18
       Headbutt          |     3 |     1 ||     4
 Fire: Shortbow          |    76 |    13 ||    89
  Use: Scroll            |     3 |       ||     3
  Eat: Bread ration      |     1 |       ||     1
Armor: Leather armour    |    18 |     1 ||    19
Dodge: Dodged            |    35 |       ||    35
